 Dungeon Crawl Stone Soup version 0.22.1-1-ga44c0e56f4 (webtiles) character file.

89 Morbidden the Shield-Bearer (level 4, 0/37 HPs)
             Began as a Formicid Fighter on Oct 8, 2018.
             Succumbed to an adder's poison
             ... on level 2 of the Dungeon.
             The game lasted 00:03:02 (959 turns).

Morbidden the Shield-Bearer (Formicid Fighter)       Turns: 959, Time: 00:03:02

Health: 0/37       AC:  6    Str: 22    XL:     4   Next: 84%
Magic:  4/4        EV:  8    Int:  7    God:
Gold:   119        SH:  9    Dex: 10    Spells: 3/3 levels left

rFire    . . .     SeeInvis +   a - +0 war axe
rCold    . . .     Gourm    .   c - +0 shield
rNeg     . . .     Faith    .   b - +0 scale mail
rPois    .         Spirit   .   (helmet unavailable)
rElec    .         Reflect  .   (no cloak)
rCorr    .         Harm     .   (no gloves)
MR       .....                  (no boots)
Stlth    ..........             (no amulet)
HPRegen  0.12/turn              (no ring)
MPRegen  0.09/turn              (no ring)

@: lethally poisoned (0 -> -2)
A: permanent stasis, dig shafts and tunnels, four strong arms, antennae 3
a: Dig, Shaft Self


You were on level 2 of the Dungeon.
You were hungry.

You visited 1 branch of the dungeon, and saw 2 of its levels.

You collected 119 gold pieces.

Inventory:

Hand Weapons
 a - a +0 war axe (weapon)
Armour
 b - a +0 scale mail (worn)
 c - a +0 shield (worn)
 l - a +0 plate armour
Jewellery
 j - a cursed -2 ring of evasion {unknown}
Wands
 k - a wand of acid (7)
Scrolls
 g - 2 scrolls of magic mapping
 h - a scroll of fear {unknown}
 i - a scroll of teleportation {unknown}
Potions
 d - a potion of might
Comestibles
 f - 6 rations


   Skills:
 + Level 3.9 Fighting
 * Level 3.5 Axes
 + Level 3.3 Armour
 + Level 4.4 Shields


You had 3 spell levels left.
You didn't know any spells.
Your spell library was empty.

Dungeon Overview and Level Annotations

Branches:
Dungeon (2/15)

Altars:


Innate Abilities, Weirdness & Mutations

You cannot be hasted, slowed, berserked, paralysed or teleported.
You can dig through walls and to a lower floor.
Your four strong arms can wield two-handed weapons with a shield.
You have a pair of large antennae on your head. (SInv)


Message History

Aiming: Corrosive Bolt
Press: ? - help, Shift-Dir - straight line, f - kobold
Aim: a kobold The bolt of acid hits the kobold.
The kobold is splashed with acid.
The acid corrodes the kobold!
You kill the kobold!
You hear an angry hiss.
Evoke which item? (* to show all) (? for menu, Esc to quit)
Aiming: Corrosive Bolt
Press: ? - help, Shift-Dir - straight line, f - you
Okay, then.
A leopard gecko comes into view.
The leopard gecko hisses angrily.
Evoke which item? (* to show all) (? for menu, Esc to quit)
Aiming: Corrosive Bolt
Press: ? - help, Shift-Dir - straight line, f - leopard gecko
Aim: a leopard gecko (clinging)
The bolt of acid misses the leopard gecko.
You are feeling hungry.
You die...

****** **********##
#....#****,,,,,..,,#.
#.....,,**,,,,,...,#.
#.?...,,(....,,..).#.
###...l##,......,....#.
##...#...###.$...,......
*#.........##....,,......
*...........##.###*####..
*.......@........######..
*...........##.#.....##..
*#........(.<............
##...#...#####...)(.....
##########....#####((..
*,,,,#.##..***#....
*,,,..,,....,*###..
*,...**###...,,,#..
********##** *#...,,...


You could see a leopard gecko.

Vanquished Creatures
  A hound skeleton (D:2)
  3 adders (D:2)
  2 worms (D:2)
  2 dart slugs (D:1)
  2 leopard geckos (D:1)
  4 giant cockroaches (D:1)
  5 goblins
  2 hobgoblins
  4 jackals (D:1)
  A quokka (D:2)
  2 ball pythons (D:2)
  2 bats
  2 frilled lizards (D:1)
  3 kobolds (D:2)
  5 rats
40 creatures vanquished.

Notes
Turn   | Place    | Note
-------+----------+-------------------------------------------
     0 | D:1      | Morbidden the Formicid Fighter began the quest for the Orb.
     0 | D:1      | Reached XP level 1. HP: 18/18 MP: 1/1
   140 | D:1      | Reached XP level 2. HP: 15/24 MP: 2/2
   221 | D:1      | Reached skill level 4 in Shields
   235 | D:1      | Reached XP level 3. HP: 24/30 MP: 3/3
   732 | D:2      | Reached XP level 4. HP: 24/37 MP: 4/4
   953 | D:2      | HP: 1/37 [poisoned by an adder]
   959 | D:2      | Succumbed to an adder's poison

Skill      XL: |  1  2  3 |
---------------+----------+-----
Shields        | 4 |  4.4
Axes           | 3 |  3.5
Fighting       | |  3.9
Armour         | |  3.3

Action                   |  1- 3 |  4- 6 || total
-------------------------+-------+-------++-------
Melee: War axe           |    83 |    42 ||   125
Evoke: Wand              |       |     3 ||     3
  Use: Scroll            |       |     1 ||     1
       Potion            |       |     1 ||     1
Armor: Scale mail        |    43 |    19 ||    62
Dodge: Dodged            |    27 |    15 ||    42
Block: Shield            |    45 |    27 ||    72
